 Dungeon Crawl Stone Soup version 0.32-a0-791-gfc315c9ecd (webtiles) character file.

Game seed: 6891300478160197716

26436 Aldia the Fighter (level 11, -21/103 HPs)
             Began as a Yellow Draconian Fire Elementalist on Mar 20, 2024.
             Was a High Priest of Ru.
             Demolished by a titanic slime creature (75 damage)
             ... on level 12 of the Dungeon.
             The game lasted 00:47:02 (17164 turns).

Aldia the Fighter (DrFE)                           Turns: 17164, Time: 00:47:03

Health: -21/103    AC: 15    Str: 10    XL:     11   Next: 98%
Magic:  9/21       EV: 14    Int: 26    God:    Ru [*****.]
Gold:   1614       SH:  0    Dex: 12    Spells: 6/24 levels left

rFire   . . .        t - +9 staff of Olgreb {rPois∞}
rCold   . . .        (shield unavailable)
rNeg    . . .        (body armour unavailable)
rPois   ∞            (helmet restricted)
rElec   .            q - +1 cloak
rCorr   +            v - +2 pair of gloves
SInv    .            F - +2 pair of boots
Will    .....        i - amulet of magic regeneration Stlth
                     (ring unavailable)
HPRegen 0.37/turn    d - +6 ring of intelligence
MPRegen 0.57/turn

%: no passive effects
@: animating dead, very slightly contaminated
A: caustic breath, AC +7, unfitting armour, cold-blooded, missing a hand, no
stealth, inexperienced 1, acid resistance
a: Caustic Breath, Renounce Religion, Evoke the Staff of Olgreb, Draw Out Power,
Power Leap, Apocalypse


You were on level 12 of the Dungeon.
You worshipped Ru.
Ru was extremely pleased with you.
You visited 2 branches of the dungeon, and saw 13 of its levels.
You also visited: Bailey.

You collected 1614 gold pieces.

Inventory:

Hand Weapons
 n - a +3 scimitar of flaming
 t - the +9 staff of Olgreb (weapon) {rPois∞}
   (You acquired it on level 10 of the Dungeon)

   Radiate:   It can be activated via the 'a'bility menu to radiate toxic
   energy, with effectiveness depending on Evocations skill.
   Alch:      It enhances your alchemy magic.
   rPois∞: It grants immunity to poison.
 H - a +0 long sword of freezing
 M - a +0 demon whip of venom
Missiles
 c - 6 curare-tipped darts
Armour
 q - a +1 cloak (worn)
 v - a +2 pair of gloves (worn)
 F - a +2 pair of boots (worn)
Magical Staves
 r - a staff of alchemy
Jewellery
 d - a +6 ring of intelligence (right hand)
 f - an amulet of reflection
 g - a ring of protection from cold
 i - an amulet of magic regeneration (around neck)
 A - an amulet of the acrobat
 E - a ring of willpower
 L - a +4 ring of protection
Talismans
 e - a beast talisman
Wands
 u - a wand of polymorph (15)
 y - a wand of flame (10)
 D - a wand of roots (6)
 I - a wand of charming (5)
Scrolls
 b - 2 scrolls of fog
 j - a scroll of poison
 k - 3 scrolls of immolation
 l - 5 scrolls of vulnerability
 o - a scroll of revelation
 x - 2 scrolls of brand weapon
 z - 2 scrolls of silence
 B - a scroll of noise
Potions
 a - 3 potions of mutation
 h - a potion of haste
 m - 3 potions of lignification
 p - 2 potions of brilliance
 s - 3 potions of enlightenment
 w - 3 potions of curing
 C - 2 potions of attraction
 G - a potion of ambrosia
 J - a potion of might
 K - 2 potions of heal wounds


   Skills:
 + Level 11.6 Fighting
 - Level 2.3 Long Blades
 + Level 9.4 Dodging
 - Level 7.0 Spellcasting
 - Level 8.0 Conjurations
 * Level 2.6 Necromancy
 - Level 7.0 Fire Magic
 - Level 5.0 Air Magic
 - Level 3.0 Alchemy
 + Level 7.5 Evocations


You had 6 spell levels left.
You knew the following spells:

 Your Spells              Type           Power      Damage    Failure   Level
a - Foxfire               Conj/Fire      100%       2x1d9     1%          1
b - Scorch                Fire           90%        2d8       1%          2
c - Flame Wave            Conj/Fire      48%        2d12      2%          4
d - Mephitic Cloud        Conj/Alch/Air  53%        N/A       1%          3
e - Airstrike             Air            17%        2d(3-19)  8%          4
f - Animate Dead          Necr           23%        N/A       21%         4

Your spell library contained the following spells:

 Spells                   Type           Power      Damage    Failure   Level
 Kiss of Death            Conj/Necr      100%       2d13      1%          1
 Sting                    Conj/Alch      100%       1d9       1%          1
 Static Discharge         Conj/Air       86%        3-7/arc   1%          2
 Dazzling Flash           Conj/Hex       58%        N/A       3%          3
 Inner Flame              Hex/Fire       27%        N/A       4%          3
 Volatile Blastmotes      Fire/Tloc      54%        2d14      4%          3
 Confusing Touch          Hex            9%         N/A       19%         3
 Dispel Undead            Necr           23%        3d12      21%         4
 Summon Lightning Spire   Summ/Air       22%        N/A       22%         4
 Curse of Agony           Necr           23%        N/A       50%         5
 Passage of Golubria      Tloc           9%         N/A       52%         4
 Silence                  Hex/Air        11%        N/A       52%         5
 Borgnjor's Vile Clutch   Necr/Erth      8%         N/A       69%         5
 Bombard                  Conj/Erth      14%        9d3       88%         6
 Death Channel            Necr           11%        N/A       97%         6
 Lehudib's Crystal Spear  Conj/Erth      14%        10d5      100%        8
 Fire Storm               Conj/Fire      24%        8d6       100%        9


Dungeon Overview and Level Annotations

Branches:
Dungeon (12/15)            Temple (1/1) D:7            Lair (0/5) D:11
 Bailey (visited)
    Orc: D:9-12

Altars:
Ashenzari
Cheibriados
Dithmenos
Elyvilon
Fedhas
Gozag
Hepliaklqana
Kikubaaqudgha
Makhleb
Nemelex Xobeh
Okawaru
Qazlal
Ru
Sif Muna
Trog
Uskayaw
Vehumet
Wu Jian
Xom
Yredelemnul
Zin
The Shining One

Shops:
D:1 =   D:10 !

Annotations:
D:2 1 runed translucent door, Crazy Yiuf
D:9 exclusion: obsidian statue


Innate Abilities, Weirdness & Mutations

You can breathe corrosive fumes.
Your golden yellow scales are hard. (AC +7)
You cannot fit into any form of body armour.
You are cold-blooded and may be slowed by cold attacks.
You are missing a hand.
You cannot be stealthy.
You are somewhat inexperienced. (-1 XL)
You are resistant to acid. (rCorr)


Message History

Unknown command.
You hit the large slime creature.
Your tail-slap misses the large slime creature.
The large slime creature is moderately wounded.
The orc priest looks more healthy.
Two slime creatures merge to form a large slime creature.
Two slime creatures merge to form a very large slime creature.
Your yak zombie gores the very large slime creature. x2
Unknown command.
Unknown command.
You hit the very large slime creature.
You envenom the very large slime creature.
The very large slime creature looks even sicker.
You tail-slap the very large slime creature.
The very large slime creature is moderately wounded.
Two slime creatures merge to form a titanic slime creature.
The slime creature hits your yak zombie!
The orc priest begins to pray, but is stunned by your conviction!
Your yak zombie gores the titanic slime creature. x2
The slime creature hits your yak zombie!
The titanic slime creature closely misses you.
Unknown command.
You sock the titanic slime creature!
The titanic slime creature is moderately wounded.
Your yak zombie gores the titanic slime creature!
Your yak zombie gores the titanic slime creature.
An orc warrior comes into view. It is wielding a +0 glaive.
The titanic slime creature is stunned by your conviction and fails to attack.
The slime creature hits your yak zombie!
Your yak zombie is destroyed!
Unknown command.
You sock the titanic slime creature!
You envenom the titanic slime creature.
The titanic slime creature looks even sicker.
The titanic slime creature is moderately wounded.
Your yak zombie gores the titanic slime creature!
The slime creature hits your yak zombie.
The titanic slime creature hits you!!!!
Ouch! That really hurt!
You die...
Ru respects your ultimate sacrifice.

.# ...# .# ..o.
.#(...
#.###.#..#
#.#......##.
#.#.#o......
##.#.#oJ.....
###....@Z#
#......#J....#
#.###..#Z......
#. #..#.#.....
#.###.##.#.....
#.....##.# .)..
###......# ...
#.###### .(.
##..###


You could see a titanic slime creature (very poisoned, ally target), a slime
creature, an orc warrior, an orc priest, an orc and 2 friendly yak zombies.

Vanquished Creatures
  2 two-headed ogres
  A boulder beetle (D:11)
  Amaemon (D:11)
  Pikel (D:7)
  A deep elf pyromancer (D:9)
  A harpy (shapeshifter) (D:9)
  2 orc knights (Bailey)
  2 ugly things (D:9)
  3 cyclopes
  A manticore (D:9)
  Maurice (D:7)
  7 centaur zombies (D:10)
  2 meliai (D:11)
  An orange demon (D:11)
  A rust devil (D:11)
  3 kobold demonologists
  4 trolls
  2 hornets
  A blink frog (D:11)
  Sigmund (D:2)
  2 slime creatures
  A vampire (D:10)
  30 yaks
  A wyvern (D:9)
  A ynoxinul (D:11)
  4 wraiths
  4 basilisks (D:11)
  4 steam dragons
  4 vampire mosquitoes (D:10)
  A chaos spawn (D:11)
  2 water moccasins
  17 orc warriors
  3 ice beasts
  A sky beast (D:6)
  3 black bears
  3 ogres
  6 centaurs
  2 lemures (D:7)
  5 kobold brigands
  7 bullfrogs
  A gnoll sergeant (D:10)
  5 scorpions
  9 wights (D:9)
  9 killer bees
  6 electric eels (Bailey)
  A howler monkey (D:5)
  A jelly (shapeshifter) (D:9)
  A gnoll bouda (D:7)
  12 orc priests
  Ijyb (D:5)
  9 iguanas
  10 orc wizards
  Natasha (thrice) (D:2)
  3 howler monkey zombies (D:10)
  7 adders
  8 gnolls
  A shadow imp (D:6)
  2 white imps (D:5)
  4 dart slugs
  40 orcs
  7 ball pythons
  3 bats
  9 endoplasms
  2 giant cockroaches
  13 goblins
  16 hobgoblins
  20 kobolds
  6 quokkas
  3 frilled lizards
  8 rats
  2 butterflies (D:8)
361 creatures vanquished.

Vanquished Creatures (others)
  A meliai (D:11)
  An efreet (D:9)
  A hellwing (D:11)
  A yak (D:11)
  A steam dragon (D:10)
  An acid dragon (D:11)
  A yak zombie (D:12)
  An orc (D:9)
  46 foxfires (D:1)
54 creatures vanquished.

Grand Total: 415 creatures vanquished

Notes
Turn   | Place    | Note
-------+----------+-------------------------------------------
     0 | D:1      | Aldia the Draconian Fire Elementalist began the quest for
                  | the Orb.
     0 | D:1      | Reached XP level 1. HP: 14/14 MP: 3/3
   142 | D:1      | Reached XP level 2. HP: 22/22 MP: 0/5
   225 | D:1      | Learned a level 2 spell: Scorch
   240 | D:1      | Found Juxaof's Jewellery Emporium.
   451 | D:1      | Reached skill level 1 in Fighting
   838 | D:1      | Reached XP level 3. HP: 28/28 MP: 6/6
  1313 | D:2      | Noticed Natasha
  1318 | D:2      | Killed Natasha
  1418 | D:2      | Reached skill level 1 in Shields
  1419 | D:2      | Reached XP level 4. HP: 23/35 MP: 0/7
  1424 | D:2      | Found a faded altar of an unknown god.
  1429 | D:2      | Noticed Sigmund
  1515 | D:2      | Killed Sigmund
  1516 | D:2      | Reached skill level 2 in Fighting
  1516 | D:2      | Reached XP level 5. HP: 26/42 MP: 5/9
  1957 | D:2      | Noticed Natasha
  1961 | D:2      | Killed Natasha
  2199 | D:2      | Reached XP level 6. HP: 50/50 MP: 7/10
  2231 | D:2      | Identified the +5 ring mail of the Nightingale {rPois
                  | Regen+}
  2260 | D:2      | Noticed Natasha
  2262 | D:2      | Killed Natasha
  2437 | D:2      | Found a runed translucent door.
  2438 | D:2      | Noticed Crazy Yiuf
  2818 | D:3      | Reached skill level 5 in Fire Magic
  3334 | D:3      | Learned a level 4 spell: Flame Wave
  3838 | D:4      | Reached skill level 3 in Fighting
  4952 | D:5      | Entered Level 5 of the Dungeon
  4952 | D:5      | Noticed Ijyb
  4957 | D:5      | Killed Ijyb
  5222 | D:5      | Your scales start taking on a golden yellow colour.
  5222 | D:5      | Reached XP level 7. HP: 57/57 MP: 7/12
  5222 | D:5      | Gained mutation: You are resistant to acid. (rCorr) [Yellow
                  | Draconian growth]
  5262 | D:5      | Learned a level 3 spell: Mephitic Cloud
  5414 | D:5      | Reached skill level 1 in Air Magic
  5414 | D:5      | Reached skill level 1 in Alchemy
  5744 | D:5      | Reached XP level 8. HP: 63/63 MP: 1/14
  5901 | D:5      | Found a sacrificial altar of Ru.
  6064 | D:5      | Became a worshipper of Ru the Awakened
  6502 | D:6      | Found an opulent altar of Gozag.
  6974 | D:6      | Reached skill level 4 in Fighting
  6974 | D:6      | Reached skill level 5 in Spellcasting
  7325 | D:6      | Found a sparkling altar of Nemelex Xobeh.
  7375 | D:6      | Found a hazy altar of Hepliaklqana.
  7377 | D:6      | Found a radiant altar of Vehumet.
  7548 | D:6      | Found a burning altar of Makhleb.
  7556 | D:6      | Reached skill level 5 in Conjurations
  8057 | D:7      | Reached XP level 9. HP: 63/72 MP: 4/17
  8098 | D:7      | Gained mutation: You are missing a hand. [Ru sacrifice]
  8098 | D:7      | Reached * piety under Ru
  8098 | D:7      | Reached ** piety under Ru
  8098 | D:7      | Reached *** piety under Ru
  8225 | D:7      | Found a staircase to the Ecumenical Temple.
  8236 | D:7      | Reached skill level 5 in Fighting
  8264 | Temple   | Entered the Ecumenical Temple
  8508 | D:7      | Noticed Maurice
  8518 | D:7      | Maurice stole 413 gold
  8519 | D:7      | Killed Maurice
  8660 | D:7      | Noticed Pikel
  8674 | D:7      | Killed Pikel
  8675 | D:7      | Reached skill level 6 in Fighting
  9576 | D:8      | Reached XP level 10. HP: 83/83 MP: 14/19
  9754 | D:8      | Found an ornate altar of the Wu Jian Council.
 10195 | D:8      | Found a shimmering altar of Xom.
 10515 | D:9      | Noticed a two-headed ogre
 10718 | D:9      | Noticed an obsidian statue
 10737 | D:9      | Noticed a +0 short sword
 10737 | D:9      | Noticed a +0 dagger
 10737 | D:9      | Noticed a +0 falchion
 10737 | D:9      | Noticed a +0 short sword
 10737 | D:9      | Noticed a +0 spear
 10738 | D:9      | Noticed a +0 falchion
 10740 | D:9      | Noticed a +0 spear
 10749 | D:9      | Found a hide-covered altar of Uskayaw.
 10751 | D:9      | Noticed a +0 dagger
 10856 | D:9      | Reached skill level 5 in Dodging
 10961 | D:9      | Gained mutation: You cannot be stealthy. [Ru sacrifice]
 11039 | D:9      | Reached skill level 7 in Fighting
 11385 | D:9      | Killed a two-headed ogre
 11511 | D:9      | Found a bloodstained altar of Trog.
 11547 | D:9      | Noticed a deep elf pyromancer
 11780 | D:9      | Noticed a cyclops
 11794 | D:9      | Killed a cyclops
 11795 | D:9      | Reached skill level 8 in Fighting
 11962 | D:9      | Noticed a harpy
 11964 | D:9      | Noticed a cyclops
 11966 | D:9      | Killed a harpy
 11977 | D:9      | Killed a cyclops
 11978 | D:9      | Reached XP level 11. HP: 81/95 MP: 2/21
 12160 | D:9      | Noticed a red ugly thing
 12179 | D:9      | Noticed a red ugly thing
 12191 | D:9      | Killed a brown ugly thing
 12192 | D:9      | Reached skill level 9 in Fighting
 12195 | D:9      | Killed a red ugly thing
 12374 | D:9      | Killed a deep elf pyromancer
 12375 | D:9      | Reached skill level 1 in Long Blades
 12533 | D:10     | Entered Level 10 of the Dungeon
 12692 | D:10     | Found a flagged portal.
 12796 | Bailey   | Entered a bailey
 12897 | Bailey   | Learned a level 4 spell: Airstrike
 13152 | Bailey   | Noticed an orc knight
 13166 | Bailey   | Killed an orc knight
 13475 | Bailey   | Noticed an orc knight
 13489 | Bailey   | Killed an orc knight
 13599 | Bailey   | Found an iron altar of Okawaru.
 13619 | Bailey   | Got the Elucidation of Weirdness
 13682 | Bailey   | Gained mutation: You are somewhat inexperienced. (-1 XL)
                  | [Ru sacrifice]
 13682 | Bailey   | Reached XP level 10. HP: 93/93 MP: 17/20
 13682 | Bailey   | Reached **** piety under Ru
 13682 | Bailey   | Reached ***** piety under Ru
 13967 | D:10     | Reached skill level 10 in Fighting
 13973 | D:10     | Reached skill level 5 in Air Magic
 14105 | D:10     | Found Zoromuh's Distillery.
 14114 | D:10     | Acquired the +9 staff of Olgreb {rPois∞}
 14114 | D:10     | Found the +9 staff of Olgreb {rPois∞}
 14323 | D:10     | Reached skill level 1 in Evocations
 14529 | D:10     | Reached XP level 11. HP: 51/100 MP: 12/21
 14693 | D:10     | Acquired 648 gold pieces
 14770 | D:10     | Noticed a two-headed ogre
 14777 | D:10     | Killed a two-headed ogre
 15132 | D:10     | Found a shimmering blue altar of Sif Muna.
 15136 | D:10     | Found an iron altar of Okawaru.
 15457 | D:10     | Found a basalt altar of Yredelemnul.
 15466 | D:10     | Reached skill level 5 in Evocations
 15577 | D:10     | Found a glowing golden altar of the Shining One.
 15592 | D:10     | Found a white marble altar of Elyvilon.
 15593 | D:10     | Found a glowing silver altar of Zin.
 15684 | D:11     | Noticed Amaemon
 15695 | D:11     | Killed Amaemon
 15697 | D:11     | Reached skill level 11 in Fighting
 15858 | D:11     | Noticed a boulder beetle
 15920 | D:11     | Killed a boulder beetle
 15940 | D:11     | Learned a level 4 spell: Animate Dead
 16096 | D:11     | Found a staircase to the Lair.
 16263 | D:11     | Reached skill level 1 in Necromancy
 17164 | D:12     | Demolished by a titanic slime creature

Illustrated notes

Levels and vault maps discovered:
D:1:      psy_arrival_basics, layout_loops_corners, serial_shops, shop,
          grunt_decor_mini_mirrors
D:2:      layout_loops_ring, shapermc_ecumenical_altar_acropolis, uniq_sigmund,
          uniq_crazy_yiuf_cottage, uniq_natasha
D:3:      layout_basic
D:4:      kennysheep_six_static_rooms, layout_cave_pods,
          eino_small_chamber_without_monster
D:5:      layout_rooms, nicolae_ru_path_of_blood, kennysheep_doodads, uniq_ijyb
D:6:      layout_basic, lemuel_round_altar, nicolae_overflow_hidden_temple,
          lightli_temple_of_fire
D:7:      layout_basic, minmay_temple_entry_wispy, uniq_maurice, uniq_pikel
D:8:      layout_basic, xom_butterflies, mainiacjoe_overflow_cross_hatched,
          kennysheep_small_circle
D:9:      hangedman_cross_veins, layout_irregular_city, kennysheep_mini_moat,
          nicolae_uskayaw_en_pointe, minivault_16, minmay_misc_feat_rows
D:10:     minmay_s_stair_smasher, layout_loops_corners, good_gods_mini_temple,
          nicolae_yredelemnul_corpse_copse,
          chequers_temple_overflow_statue_of_worship, serial_shops,
          nicolae_shop_tiny_glass, enter_bailey_3, dreamdust_mushroom_princess
D:11:     layout_roguey, dpeg_lair_monsters, serial_demonic, serial_demonic_d,
          serial_demonic_c, serial_demonic_e, serial_demonic_g,
          serial_demonic_c, serial_demonic_e, serial_demonic_g,
          serial_demonic_b, uniq_amaemon
D:12:     layout_loops_cross, erik_orc_4, kennysheep_generic_room_4,
          uniq_gastronok
Temple:   hellmonk_temple_micro_hex

Skill      XL: |  1  2  3  4  5  6  7  8  9 10 11 |
---------------+----------------------------------+-----
Stealth        | 2 0 |  0.0
Fighting       | 1 2 3 4 6 10 11 | 11.6
Shields        | 1 2 3 4 0 |  0.0
Spellcasting   | 3 4 5 6 7 |  7.0
Fire Magic     | 4 5 6 7 |  7.0
Conjurations   | 2 3 5 6 8 |  8.0
Air Magic      | 2 3 5 4 |  5.0
Alchemy        | 2 3 |  3.0
Dodging        | 2 4 8 9 |  9.4
Long Blades    | 2 |  2.3
Evocations     | 2 7 |  7.5
Necromancy     | 2 |  2.6

Action                     |  1- 3 |  4- 6 |  7- 9 | 10-12 || total
---------------------------+-------+-------+-------+-------++-------
  Melee: Unarmed           |     3 |       |       |       ||     3
         Tailslap          |     4 |     4 |    23 |    73 ||   104
         Dagger            |    20 |    11 |       |       ||    31
         Mace              |       |     4 |    98 |     8 ||   110
         Long sword        |       |       |       |    46 ||    46
         Staff             |       |       |       |   225 ||   225
         Scimitar          |       |       |       |   138 ||   138
   Cast: Foxfire           |    28 |       |       |       ||    28
         Scorch            |    11 |    75 |    99 |   154 ||   339
         Flame Wave        |       |       |     8 |    32 ||    40
         Mephitic Cloud    |       |       |     1 |     8 ||     9
         Animate Dead      |       |       |       |     1 ||     1
 Invoke: Draw Out Power    |       |       |     1 |     4 ||     5
         Sacrifice a Hand  |       |       |     1 |       ||     1
         Sacrifice Stealth |       |       |       |     1 ||     1
         Sacrifice Experie |       |       |       |     1 ||     1
Ability: Caustic Breath    |       |       |     4 |     7 ||    11
         Evoke the Staff o |       |       |       |    29 ||    29
  Evoke: Wand              |       |       |       |     3 ||     3
    Use: Potion            |       |     1 |       |     1 ||     2
         Scroll            |       |     8 |    10 |    13 ||    31
   Stab: Invisible         |       |       |       |     3 ||     3
         Confused          |       |       |       |     1 ||     1
         Petrifying        |       |       |       |     1 ||     1
         Paralysed         |       |       |       |     1 ||     1
 Armour: Skin              |    20 |    18 |   145 |   503 ||   686
  Dodge: Dodged            |    28 |    14 |   109 |   418 ||   569
  Block: Buckler           |       |     3 |    47 |       ||    50
         Reflection        |       |       |     4 |     4 ||     8
         Other             |       |       |    14 |   139 ||   153

Table legend: (Time is in decaauts)
 A = Elapsed time spent in this place.
 B = Non-inter-level travel time spent in this place.
 C = Inter-level travel time spent in this place.
 D = Time resting spent in this place.
 E = Time spent auto-exploring this place.
 F = Levels seen in this place.
 G = Mean time per level.
                   A        B        C        D        E       F      G
               +--------+--------+--------+--------+--------+-----+--------+
         Total |  17397 |  16544 |    853 |    602 |  13081 |  14 | 1242.6 |
       Dungeon |  16218 |  15365 |    853 |    489 |  12363 |  12 | 1351.5 |
        Temple |      1 |      1 |      0 |      0 |      0 |   1 |    1.0 |
        Bailey |   1177 |   1177 |      0 |    113 |    717 |   1 | 1177.0 |
               +--------+--------+--------+--------+--------+-----+--------+

Top non-repeatable levels by time:
    D:10: 2040 daAuts
     D:9: 1960 daAuts
     D:6: 1916 daAuts
     D:4: 1736 daAuts
    D:11: 1456 daAuts
     D:1: 1344 daAuts
     D:7: 1324 daAuts
     D:8: 1321 daAuts
     D:2: 1182 daAuts
  Bailey: 1177 daAuts
     D:3: 958 daAuts
     D:5: 927 daAuts
    D:12: 48 daAuts
  Temple: 1 daAuts
